 Dungeon Crawl Stone Soup version 0.29.1-2-gbd0b4ee654 (webtiles) character file.

Game seed: 4910480593799480885

304 safid the Shooter (level 6, -10/57 HPs)
             Began as a Minotaur Hunter on Nov 21, 2022.
             Mangled by an ogre
             ... wielding a +0 giant club
              (13 damage)
             ... on level 4 of the Dungeon.
             The game lasted 00:05:05 (3071 turns).

safid the Shooter (Minotaur Hunter)                 Turns: 3071, Time: 00:05:05

Health: -10/57     AC:  4    Str: 16    XL:     6   Next: 15%
Magic:  5/5        EV: 12    Int:  6    God:
Gold:   123        SH:  0    Dex: 15    Spells: 5/5 levels left

rFire   . . .      SeeInvis .   r - +0 arbalest
rCold   . . .      Faith    .   (shield currently unavailable)
rNeg    . . .      Spirit   .   c - +0 leather armour
rPois   .          Reflect  .   (helmet restricted)
rElec   .          Harm     .   (no cloak)
rCorr   +          Rampage  .   p - +0 pair of gloves
Will    .....                   (no boots)
Stlth   +.........              e - amulet of the acrobat
HPRegen 0.19/turn               f - ring of resist corrosion
MPRegen 0.09/turn               (no ring)

@: no status effects
A: horns 2, retaliatory headbutt
a: no special abilities


You were on level 4 of the Dungeon.
You visited 1 branch of the dungeon, and saw 4 of its levels.

You collected 123 gold pieces.

Inventory:

Hand Weapons
 r - a +0 arbalest (weapon)
Armour
 c - a +0 leather armour (worn)
 p - a +0 pair of gloves (worn)
 q - the +1 ring mail of Peek-a-Boo {rElec rPois rC+ Dex-4}
   (You found it on level 3 of the Dungeon)

   Dex:       It affects your dexterity (-4).
   rC:        It protects you from cold.
   rElec:     It insulates you from electricity.
   rPois:     It protects you from poison.
Jewellery
 e - an amulet of the acrobat (around neck)
 f - a ring of resist corrosion (left hand)
Scrolls
 a - 2 scrolls of enchant armour {unknown}
 b - a scroll of immolation
 d - 6 scrolls of enchant weapon {unknown}
 g - 5 scrolls of poison {unknown}
 j - a scroll of identify {unknown}
 m - a scroll of fear {unknown}
 s - 2 scrolls of blinking {unknown}
 u - a scroll of fog {unknown}
Potions
 h - 2 potions of haste {unknown}
 i - a potion of berserk rage {unknown}
 k - a potion of cancellation {unknown}
 l - 2 potions of curing {unknown}
 n - 3 potions of invisibility {unknown}
 o - a potion of brilliance {unknown}
 t - a potion of lignification {unknown}
 v - a potion of mutation {unknown}


   Skills:
 + Level 5.8 Fighting
 + Level 6.5 Ranged Weapons
 - Level 2.1 Dodging
 - Level 0.7 Stealth


You had 5 spell levels left.
You didn't know any spells.
Your spell library contained the following spells:

 Spells                   Type           Power      Damage    Failure   Level
 Sting                    Tmut/Pois      0%         1d3       52%         1


Dungeon Overview and Level Annotations

Branches:
Dungeon (4/15)
 Temple: D:4-7

Altars:


Innate Abilities, Weirdness & Mutations

You have a pair of horns on your head.
You reflexively headbutt those who attack you in melee.


Message History

You shoot a bolt. The bolt hits the adder!
The adder is almost dead.
The adder bites you.
You shoot a bolt. The bolt barely misses the adder.
The adder barely misses you. x2
You shoot a bolt. The bolt hits the adder!
You kill the adder!
No target in view!
You see here an adder corpse.
Found a dagger.
Found 4 stones.
You see here a +0 dagger.
Found a hand axe.
There is an escape hatch in the ceiling here.
There is an escape hatch in the ceiling here.
v - a murky coppery potion An ogre comes into view.
It is wielding a +0 giant club.
You shoot a bolt. The bolt hits the ogre.
The ogre shouts!
The ogre is lightly wounded.
You shoot a bolt. The bolt hits the ogre!
The ogre is heavily wounded.
You shoot a bolt. The bolt hits the ogre!
The ogre is severely wounded.
The ogre misses you.
You shoot a bolt. The bolt barely misses the ogre.
The ogre hits you with a +0 giant club!!
You shoot a bolt. The bolt hits the ogre.
The ogre is severely wounded.
The ogre hits you with a +0 giant club!!
Ouch! That really hurt!
* * * LOW HITPOINT WARNING * * *
Fire: r) +0 arbalest
Press: ? - help, Q - select action Shift-Dir - straight line, f/p - ogre
Aim: an ogre, wielding a +0 giant club (severely wounded, 74% to hit)
You shoot a bolt.
The bolt hits the ogre but does no damage.
The ogre is severely wounded.
The ogre hits you with a +0 giant club!
You die...

#...).##.#. ###
#.###..#.#^
#.######. ##.....
#.....##. ###.#.
#.###.##.######.#.
#.# #.#.........##
#.# #.############
#.# #.............
#@# ##############
#.O......
#########


You could see an ogre.

Vanquished Creatures
  An ogre (D:4)
  The ghost of VibeKiller the Shooter, a weakling KoAM (D:3)
  6 gnolls
  7 adders
  A dart slug (D:3)
  An orc (D:3)
  7 ball pythons
  5 bats
  4 endoplasms
  3 giant cockroaches
  4 hobgoblins
  9 jackals
  2 quokkas
  A frilled lizard (D:1)
  6 goblins
  5 kobolds
  4 rats
  2 toadstools (D:1)
69 creatures vanquished.

Vanquished Creatures (others)
  2 toadstools (D:1)
2 creatures vanquished.

Grand Total: 71 creatures vanquished

Notes
Turn   | Place    | Note
-------+----------+-------------------------------------------
     0 | D:1      | safid the Minotaur Hunter began the quest for the Orb.
     0 | D:1      | Reached XP level 1. HP: 18/18 MP: 0/0
   246 | D:1      | Found a faded altar of an unknown god.
   256 | D:1      | Got Plato's Catalogue of Forms
   269 | D:1      | Reached XP level 2. HP: 26/26 MP: 1/1
  1144 | D:2      | Reached skill level 5 in Ranged Weapons
  1144 | D:2      | Reached XP level 3. HP: 31/31 MP: 2/2
  1230 | D:2      | Reached XP level 4. HP: 32/40 MP: 3/3
  2034 | D:3      | Identified the +1 ring mail of Peek-a-Boo {rElec rPois rC+
                  | Dex-4}
  2111 | D:3      | Noticed VibeKiller's ghost (weakling KoAM)
  2116 | D:3      | Found a runed translucent door.
  2341 | D:3      | Reached XP level 5. HP: 47/47 MP: 4/4
  2589 | D:3      | Killed VibeKiller's ghost
  2590 | D:3      | Reached skill level 5 in Fighting
  2590 | D:3      | Reached skill level 6 in Ranged Weapons
  2671 | D:4      | Noticed an ogre
  2674 | D:4      | Killed an ogre
  2683 | D:4      | Reached XP level 6. HP: 57/57 MP: 5/5
  3071 | D:4      | Mangled by an ogre

Illustrated notes

Levels and vault maps discovered:
D:1:      ldierk_water_garden, layout_basic,
          shapermc_ecumenical_altar_rom_forum, minmay_statues_item
D:2:      layout_basic
D:3:      layout_basic, hellmonk_ghost_happy_afterlife, minmay_misc_feat_tower
D:4:      layout_basic

Skill      XL: |  1  2  3  4  5 |
---------------+----------------+-----
Fighting       | 3 4 5 |  5.8
Ranged Weapons | 5 6 |  6.5
Dodging        | |  2.1
Stealth        | |  0.7

Action                   |  1- 3 |  4- 6 || total
-------------------------+-------+-------++-------
 Fire: Shortbow          |    75 |    44 ||   119
       Arbalest          |       |    68 ||    68
Armor: Leather armour    |     5 |    12 ||    17
Dodge: Dodged            |    11 |    33 ||    44
